 Dungeon Crawl Stone Soup version 0.29-a0-819-g94b489e0ae (webtiles) character file.

Game seed: 16441798878711502676

106866 gobodom the Necromancer (level 15, -17/105 HPs)
             Began as a Demonspawn Necromancer on July 6, 2022.
             Was the Champion of Jiyva.
             Demolished by Donald
             ... wielding a +4 vampiric broad axe
              (21 damage)
             ... on level 1 of the Snake Pit on July 7, 2022.
             The game lasted 04:11:54 (34625 turns).

gobodom the Necromancer (Demonspawn Necromancer)   Turns: 34625, Time: 04:11:56

Health: -17/105    AC:  9    Str:  9    XL:     15   Next: 98%
Magic:  26/38      EV: 18    Int: 23    God:    Jiyva [******]
Gold:   1673       SH:  0    Dex: 14    Spells: 2/45 levels left

rFire   + . .      SeeInvis .   Z - +8 whip "Snakebite" {venom, curare, rPois}
rCold   . . .      Faith    .   (no shield)
rNeg    . . .      Spirit   .   q - +3 ring mail {rF+}
rPois   +          Reflect  .   (helmet restricted)
rElec   .          Harm     +   Y - scarf {harm}
rCorr   +          Rampage  .   j - +1 pair of gloves
Will    ++...                   (boots unavailable)
Stlth   +++.......              C - amulet of regeneration
HPRegen 2.67/turn               g - +4 ring of evasion
MPRegen 0.76/turn               W - ring of willpower

@: swift, very quick
A: antennae 2, demonic guardian 3, spiny 1, sturdy frame 2, fangs 1, hooves 3,
high MP 1, mutation resistance 2, passive freeze, pseudopods 2
a: Renounce Religion, Oozemancy, Slimify


You were on level 1 of the Snake Pit.
You worshipped Jiyva.
Jiyva was exalted by your worship.
You visited 6 branches of the dungeon, and saw 30 of its levels.
You also visited: Sewer and Ice Cave.

You collected 1673 gold pieces.

Inventory:

Hand Weapons
 r - a +3 dire flail
 x - a +4 whip of chaos
 H - the +0 staff of Battle
   (You found it on level 13 of the Dungeon)

   It enhances your conjuration magic.
   It summons a battlesphere in combat, with strength depending on Conjurations
   skill.
   Its strikes trigger the battlesphere's blasts.
 J - a +3 battleaxe of freezing
 Z - the +8 whip "Snakebite" (weapon) {venom, curare, rPois}
   (You found it on level 5 of the Lair of Beasts)

   It poisons the flesh of those it strikes.
   It occasionally inflicts asphyxiating poison on those it strikes, dealing
   poison damage and causing slowness.
   rPois:     It protects you from poison.
Missiles
 t - 8 silver boomerangs
 z - 8 curare-tipped darts
Armour
 j - a +1 pair of gloves (worn)
 q - a +3 ring mail of fire resistance (worn)
 w - a scarf of shadows
 G - +0 swamp dragon scales
 M - a +2 robe of positive energy
 P - a +2 scale mail of positive energy
 Q - a +2 pair of boots
 Y - a scarf of harm (worn)
Magical Staves
 a - a staff of earth
 o - a staff of poison
 V - a staff of conjuration
Jewellery
 e - a ring of fire
 f - an amulet of magic regeneration
 g - a +4 ring of evasion (left hand)
 h - a ring of magical power
 k - a ring of protection from fire
 m - a ring of protection from cold
 C - an amulet of regeneration (around neck)
 K - a ring of flight
 L - a ring of fire
 W - a ring of willpower (right hand)
Wands
 v - a wand of polymorph (10)
 y - a wand of digging (2)
 D - a wand of flame (1)
 I - a wand of mindburst (26)
 X - a wand of iceblast (4)
Scrolls
 c - 6 scrolls of teleportation
 l - 3 scrolls of fear
 s - 5 scrolls of poison
 A - 4 scrolls of fog
 F - 2 scrolls of vulnerability
 N - 3 scrolls of enchant weapon
 U - 2 scrolls of magic mapping
Potions
 b - 3 potions of magic
 d - 2 potions of curing
 i - a potion of brilliance
 n - a potion of resistance
 u - 8 potions of flight
 B - 4 potions of lignification
 E - a potion of heal wounds
 O - a potion of ambrosia
 R - 3 potions of haste
 T - 5 potions of might
Miscellaneous
 p - a lightning rod (2/4)


   Skills:
 + Level 5.8 Fighting
 + Level 6.4 Maces & Flails
 + Level 5.7 Armour
 + Level 6.5 Dodging
 + Level 4.7 Stealth
 + Level 0.3 Unarmed Combat
 + Level 15.7 Spellcasting
 + Level 4.1 Conjurations
 + Level 4.1 Hexes
 + Level 18.6 Necromancy
 + Level 1.5 Translocations
 + Level 2.8 Transmutations
 + Level 2.6 Fire Magic
 + Level 2.6 Ice Magic
 + Level 1.8 Earth Magic
 + Level 1.7 Poison Magic
 + Level 3.7 Evocations


You had 2 spell levels left.
You knew the following spells:

 Your Spells              Type           Power      Damage    Failure   Level
a - Necrotise             Necr           100%       1d9       0%          1
b - Vampiric Draining     Necr           81%        2d11      0%          3
c - Animate Dead          Necr           81%        N/A       1%          4
d - Agony                 Necr           81%        N/A       1%          5
e - Anguish               Hex/Necr       31%        N/A       1%          4
f - Blink                 Tloc           50%        N/A       3%          2
g - Ensorcelled Hibernat  Hex/Ice        66%        N/A       1%          2
h - Frozen Ramparts       Ice            60%        1d8       3%          3
i - Ignite Poison         Fire/Tmut/Pois 29%        N/A       4%          3
j - Sticky Flame          Conj/Fire      33%        2d5       9%          4
k - Apportation           Tloc           50%        N/A       1%          1
l - Swiftness             Air            18%        N/A       11%         3
m - Passage of Golubria   Tloc           25%        N/A       19%         4
n - Hailstorm             Conj/Ice       33%        3d8       9%          4

Your spell library contained the following spells:

 Spells                   Type           Power      Damage    Failure   Level
 Freeze                   Ice            100%       1d11      1%          1
 Shock                    Conj/Air       100%       1d9       1%          1
 Slow                     Hex            100%       N/A       1%          1
 Confusing Touch          Hex            37%        N/A       1%          3
 Tukima's Dance           Hex            37%        N/A       1%          3
 Conjure Flame            Conj/Fire      33%        6-21      2%          3
 Ozocubu's Armour         Ice            30%        N/A       3%          3
 Stone Arrow              Conj/Erth      64%        3d11      3%          3
 Spider Form              Tmut/Pois      28%        N/A       4%          3
 Animate Armour           Summ/Erth      44%        N/A       24%         4
 Yara's Violent Unravell  Hex/Tmut       17%        3d8       24%         5
 Airstrike                Air            9%         0-4+      34%         4
 Alistair's Intoxication  Tmut/Pois      18%        N/A       36%         5
 Summon Mana Viper        Hex/Summ       27%        N/A       38%         5
 Manifold Assault         Tloc           25%        N/A       47%         5
 Summon Forest            Summ/Tloc      10%        N/A       58%         5
 Summon Cactus Giant      Summ           9%         N/A       99%         6
 Ozocubu's Refrigeration  Ice            15%        4d8       100%        7
 Storm Form               Tmut/Air       12%        N/A       100%        7
 Lehudib's Crystal Spear  Conj/Erth      16%        10d5      100%        8
 Chain Lightning          Conj/Air       13%        3d18      100%        9
 Fire Storm               Conj/Fire      16%        8d4       100%        9
 Shatter                  Erth           13%        3d13*     100%        9


Dungeon Overview and Level Annotations

Branches:
Dungeon (15/15)            Temple (1/1) D:6            Lair (6/6) D:9
  Swamp (0/4) Lair:4        Snake (1/4) Lair:3        Slime (5/5) Lair:5
    Orc (2/2) D:9             Elf (0/3) Orc:2        Vaults (0/5) D:14
 Depths (0/4) D:15          Sewer (visited)           IceCv (visited)

Altars:
Ashenzari
Cheibriados
Dithmenos
Fedhas
Gozag
Hepliaklqana
Kikubaaqudgha
Makhleb
Nemelex Xobeh
Okawaru
Qazlal
Ru
Sif Muna
Trog
Uskayaw
Vehumet
Wu Jian
Xom
Yredelemnul
Jiyva

Shops:
D:5 [   D:14 *   Orc:2 [(*[   Snake:1 (**

Annotations:
Snake:1 Donald
Slime:5 Royal Jelly
Orc:1 1 transporter


Innate Abilities, Weirdness & Mutations

You have a pair of antennae on your head.
A powerful demonic guardian rushes to your aid.
You are partially covered in sharp spines.
Your movements are less encumbered by armour. (ER -4)
You have very sharp teeth.
You have hooves in place of feet.
You have an increased reservoir of magic. (+10% MP)
You are somewhat resistant to both further mutation and mutation removal.
A frigid envelope surrounds you and freezes all who hurt you.
Armour fits poorly on your large pseudopods.


Message History

Donald hits you with a +4 vampiric broad axe!
Donald draws strength from your wounds!
Donald resists.
Donald is very cold.
Donald is moderately wounded.
Donald hits your sixfirhy with a +4 vampiric broad axe!
Casting: Vampiric Draining (safe; 0% risk of failure)
Confirm with . or Enter, or press ? or * to list all spells.
Aiming: Agony (safe; 1% risk of failure)
Press: ? - help, Shift-Dir - straight line, f/p - Donald
Aim: Donald, wielding a +4 vampiric broad axe, wearing a +1 plate armour of cold resistance and wearing a +0 kite shield of reflection (moderately wounded, fast, strong, ally target, chance to affect: 73%) Donald convulses!
Donald hits you with a +4 vampiric broad axe!!
* * * LOW HITPOINT WARNING * * *
You shudder from the blow and a jelly pops out!
Donald draws strength from your wounds! Donald misses your sixfirhy.
Casting: Agony (safe; 1% risk of failure)
Confirm with . or Enter, or press ? or * to list all spells.
Aiming: Vampiric Draining (safe; 0% risk of failure)
Press: ? - help, Shift-Dir - straight line, f/p - Donald
Aim: Donald, wielding a +4 vampiric broad axe, wearing a +1 plate armour of cold resistance and wearing a +0 kite shield of reflection (heavily wounded, fast, strong, ally target)
You draw life force from Donald.
You feel life coursing into your body.
Your sixfirhy hits Donald!
Your sixfirhy shocks Donald!
Donald says, "Are you going to open a jelly farm when you find the Orb?"
Donald hits you with a +4 vampiric broad axe!!
* * * LOW HITPOINT WARNING * * *
You shudder from the blow and a jelly pops out!
Donald resists.
Donald is very cold.
Donald is severely wounded.
Donald hits your quicksilver ooze with a +4 vampiric broad axe.
Donald hits your sixfirhy with a +4 vampiric broad axe!!
Your sixfirhy dies!
Your sixfirhy disappears in a puff of smoke!
Your quicksilver ooze hits Donald.
Your quicksilver ooze engulfs Donald!
Donald blocks your quicksilver ooze's attack.
Donald hits your quicksilver ooze with a +4 vampiric broad axe!!!
Your quicksilver ooze dies!
Your quicksilver ooze dissolves into a puddle of slime!
Donald hits your acid blob with a +4 vampiric broad axe!!
Donald is burned by acid!
Donald hits you with a +4 vampiric broad axe!!
You die...

..#....# #.#.###.#
..#..### #.### .#
..##.. #.## ##.#
.#...# #..# #..#
#..... #..###..# #..
#... ...# #♣.♣#♣.♣###
.###.♣.JJ....♣.###..
.......∩@@§∩........
.###.♣.......♣.####
#♣.♣#♣Z♣#
..#.........##...#...#
..#.........##..###{.#
##########
.#...........#..#
#..###........#
#............#.##
##.#...........
..........#..#.##.
#.#..........#
#........##..#.#.#
#.#..........#


You could see Donald (fast, strong, unaware, engulfed, ally target), a friendly
acid blob (summoned), a friendly quicksilver ooze (summoned) and a friendly naga
warrior zombie.

Vanquished Creatures
  A frost giant (D:15)
  An ettin (Orc:1)
  The ghost of Wiilli the Nimble, a journeyman SpVM of Vehumet (Orc:1)
  4 hydras
  4 vault guards (D:14)
  2 anacondas (Snake:1)
  2 catoblepae
  A death knight (D:13)
  7 death yaks
  4 centaur warriors
  A naga warrior (Snake:1)
  A deep troll shaman (Lair:6)
  A tengu warrior (D:15)
  An orc high priest (Orc:2)
  A naga sharpshooter (Snake:1)
  A shock serpent (Snake:1)
  A steelbarb worm (D:13)
  2 sea snakes (Snake:1)
  An orb spider (D:11)
  A spriggan simulacrum (IceCv)
  A phantasmal warrior (D:13)
  A deep elf pyromancer (D:13)
  A mana viper (Snake:1)
  4 orc knights (Orc:2)
  2 salamanders (Snake:1)
  An ugly thing (D:15)
  5 elephants
  8 black mambas
  A naga mage (Snake:1)
  9 cane toads
  Maggie (D:6)
  A komodo dragon (shapeshifter) (D:5)
  A freezing wraith (D:14)
  A rime drake (Lair:1)
  4 tengu conjurers
  2 ice devils (D:15)
  5 komodo dragons
  A meliai (D:15)
  A hornet (D:9)
  4 polar bears
  4 trolls
  5 blink frogs
  A centaur simulacrum (D:14)
  A wyvern (D:9)
  2 wraiths
  2 basilisks
  2 steam dragons
  19 yaks
  4 vampire mosquitoes
  10 nagas
  5 wargs
  An acid dragon (D:11)
  13 water moccasins
  4 black bears
  33 orc warriors
  2 ice beasts
  A hornet zombie (D:3)
  9 wolves
  An ogre (D:4)
  9 centaurs
  2 phantoms (D:6)
  6 kobold brigands (Sewer)
  5 bullfrogs
  2 gnoll sergeants
  A water moccasin skeleton (D:3)
  A warg zombie (Orc:2)
  10 wights
  4 killer bees (D:7)
  An electric eel (Lair:5)
  3 howler monkeys (D:11)
  2 jellies
  9 orc priests
  A gnoll bouda (D:4)
  3 iguanas
  18 orc wizards
  22 gnolls
  13 adders
  A river rat (Sewer)
  A shadow imp (D:6)
  4 white imps (D:15)
  3 ufetubi
  9 orc zombies
  9 worms
  4 dart slugs
  77 orcs
  13 ball pythons
  3 endoplasms
  6 giant cockroaches
  3 goblins
  4 hobgoblins
  4 jackals (D:2)
  6 quokkas
  10 bats
  3 frilled lizards
  11 kobolds
  7 rats
501 creatures vanquished.

Vanquished Creatures (collateral kills)
  A tengu reaver (D:13)
  A dire elephant (Lair:6)
  The ghost of Rucothra the Fighter, a journeyman DjFE of Ashenzari (Lair:1)
  5 hydras
  2 vault guards (D:14)
  An anaconda (Snake:1)
  A death knight (D:13)
  A two-headed ogre (D:14)
  6 death yaks
  The ghost of Hubris850 the Protected, a journeyman GrFi of Makhleb (Lair:1)
  A naga sharpshooter (Snake:1)
  2 sea snakes (Snake:1)
  A naga ritualist (Snake:1)
  A wizard (D:15)
  An orc knight (Orc:1)
  A phantasmal warrior (D:13)
  A mana viper (Snake:1)
  2 cyclopes
  2 ugly things (D:15)
  A manticore (D:11)
  6 elephants
  A black mamba (Snake:1)
  A guardian serpent (Snake:1)
  A gargoyle (D:12)
  A naga mage (Snake:1)
  2 rime drakes
  8 cane toads
  7 komodo dragons
  A freezing wraith (D:13)
  The ghost of purpskrrrp the Cudgeller, an amateur TrFi of Trog (D:3)
  2 meliai (D:15)
  3 polar bears
  A troll (D:13)
  4 dream sheep (Lair:4)
  4 blink frogs
  2 vampires (D:12)
  2 wraiths (D:13)
  A wyvern (Lair:5)
  28 yaks
  A basilisk (Lair:2)
  A human (shapeshifter) (D:15)
  2 vampire mosquitoes (D:11)
  A naga (Snake:1)
  A swamp worm (Lair:4)
  2 wargs (Orc:2)
  4 water moccasins
  7 orc warriors
  2 black bears
  3 ogres (Orc:1)
  2 centaurs
  18 wolves
  3 kobold brigands
  3 bullfrogs
  A gnoll sergeant (D:9)
  5 wights
  A killer bee (D:7)
  2 electric eels
  2 orc priests
  A centaur skeleton (D:3)
  4 orc wizards
  5 gnolls
  2 adders
  15 orcs
  An endoplasm (Sewer)
  A giant cockroach (D:4)
  A goblin (D:1)
  A hobgoblin (D:1)
  A quokka (D:4)
  A ball python (D:2)
  5 kobolds
  A bush (Lair:6)
  A butterfly (Lair:3)
  A plant (Lair:6)
211 creatures vanquished.

Vanquished Creatures (others)
  Agnes (Snake:1)
  An azure jelly (Lair:6)
  The ghost of Inoelank the Blocker, a journeyman GnFi of Cheibriados (Lair:6)
  2 vault guards (D:14)
  A boulder beetle (D:13)
  3 hydras
  2 two-headed ogres
  A death knight (D:13)
  A tengu warrior (D:15)
  2 death yaks (Lair:6)
  An anaconda zombie (Snake:1)
  A phantasmal warrior (D:13)
  3 ugly things
  A cyclops (D:15)
  2 black mambas
  A gargoyle (D:13)
  2 swamp worm zombies (Lair:4)
  A mana viper zombie (Snake:1)
  A tengu conjurer (D:14)
  4 hydra zombies
  A polar bear (D:15)
  2 trolls
  A guardian serpent zombie (Snake:1)
  A boulder beetle zombie (D:13)
  2 blink frogs (Lair:2)
  4 slime creatures (D:13)
  A shadow (D:9)
  2 black mamba zombies (Snake:1)
  A wraith (D:10)
  3 yaks
  A warg (Orc:2)
  A vampire mosquito (D:13)
  A swamp worm (Lair:4)
  A naga (Lair:3)
  2 cane toad zombies
  7 orc warriors
  2 wolves (Lair:6)
  2 centaurs (D:11)
  A komodo dragon zombie (Lair:6)
  A gnoll sergeant (D:10)
  A wight (D:8)
  2 warg zombies (Orc:2)
  2 water moccasin zombies
  21 yak zombies
  2 polar bear zombies (D:15)
  A wolf zombie (D:15)
  An electric eel (D:9)
  2 howler monkeys (D:12)
  4 bullfrog zombies
  58 jellies
  An orc priest (D:9)
  A basilisk zombie (Lair:5)
  2 orc wizards (Orc:2)
  2 killer bee zombies (D:7)
  3 naga zombies
  4 human zombies
  An ice beast zombie (D:6)
  A jelly zombie (D:7)
  2 adder zombies (D:6)
  An iguana zombie (D:6)
  13 orcs
  4 gnoll zombies (D:9)
  A kobold (D:9)
  30 orc zombies
  3 bushes (Lair:6)
  65 fungi
  97 plants
394 creatures vanquished.

Grand Total: 1106 creatures vanquished

Notes
Turn   | Place    | Note
-------+----------+-------------------------------------------
     0 | D:1      | gobodom the Demonspawn Necromancer began the quest for the
                  | Orb.
     0 | D:1      | Reached XP level 1. HP: 13/13 MP: 3/3
   216 | D:1      | Gained mutation: A weak demonic guardian rushes to your
                  | aid. [demonic ancestry]
   216 | D:1      | Reached XP level 2. HP: 19/19 MP: 0/5
   391 | D:1      | Reached skill level 5 in Necromancy
   481 | D:1      | Reached XP level 3. HP: 24/24 MP: 3/6
  1823 | D:2      | Reached XP level 4. HP: 29/30 MP: 8/8
  2208 | D:3      | Found a runed translucent gate.
  2208 | D:3      | Found a runed translucent gate.
  2209 | D:3      | Found a runed translucent gate.
  2211 | D:3      | Noticed purpskrrrp's ghost (amateur TrFi)
  2463 | D:4      | Found a glowing drain.
  2482 | Sewer    | Entered a sewer
  2502 | Sewer    | Noticed a kobold brigand
  2508 | Sewer    | Noticed a kobold brigand
  2519 | Sewer    | Killed a kobold brigand
  2520 | Sewer    | Gained mutation: Your movements are slightly less
                  | encumbered by armour. (ER -2) [demonic ancestry]
  2520 | Sewer    | Reached XP level 5. HP: 35/35 MP: 10/10
  2546 | Sewer    | Reached skill level 6 in Necromancy
  2546 | Sewer    | Reached XP level 6. HP: 35/41 MP: 12/12
  2583 | Sewer    | Learned a level 3 spell: Vampiric Draining
  2972 | Sewer    | Reached skill level 1 in Armour
  2972 | Sewer    | Reached skill level 5 in Spellcasting
  3052 | Sewer    | Gained mutation: You have a pair of small antennae on your
                  | head. [demonic ancestry]
  3052 | Sewer    | Reached XP level 7. HP: 46/46 MP: 14/14
  3091 | Sewer    | Reached skill level 7 in Necromancy
  3344 | D:4      | Found a sacrificial altar of Ru.
  3811 | D:4      | Gained mutation: You have a pair of antennae on your head.
                  | [demonic ancestry]
  3811 | D:4      | Reached XP level 8. HP: 53/53 MP: 17/17
  3939 | D:4      | Gained mutation: You do not regenerate when monsters are
                  | visible. [potion of mutation]
  3939 | D:4      | Gained mutation: You have large cloven feet. [potion of
                  | mutation]
  3939 | D:4      | Gained mutation: You are clumsy. (Dex -2) [potion of
                  | mutation]
  3940 | D:4      | Lost mutation: You have large cloven feet. [potion of
                  | mutation]
  3940 | D:4      | Lost mutation: You are clumsy. (Dex -2) [potion of
                  | mutation]
  3940 | D:4      | Lost mutation: You do not regenerate when monsters are
                  | visible. [potion of mutation]
  3940 | D:4      | Gained mutation: You are covered in fur. (AC +1) [potion of
                  | mutation]
  3940 | D:4      | Gained mutation: Your muscles are strong. (Str +4, Int/Dex
                  | -1) [potion of mutation]
  3951 | D:4      | Learned a level 4 spell: Animate Dead
  3981 | D:5      | Entered Level 5 of the Dungeon
  4291 | D:5      | Reached skill level 8 in Necromancy
  4330 | D:5      | Noticed a shapeshifter
  4330 | D:5      | a hound changed into a shapeshifter
  4330 | D:5      | Noticed a komodo dragon
  4330 | D:5      | a shapeshifter changed into a komodo dragon
  4337 | D:5      | Killed a komodo dragon
  4338 | D:5      | Reached skill level 1 in Maces & Flails
  4436 | D:5      | Found a stormy altar of Qazlal.
  4506 | D:5      | Found Cujeely's Armour Shop.
  5279 | D:6      | Noticed Maggie
  5292 | D:6      | Killed Maggie
  5293 | D:6      | Reached skill level 9 in Necromancy
  5383 | D:6      | Your ally Maggie died
  5388 | D:6      | Reached XP level 9. HP: 58/58 MP: 20/20
  6021 | D:6      | Found a staircase to the Ecumenical Temple.
  6340 | D:6      | Reached skill level 1 in Fighting
  7114 | D:6      | Found a sparkling altar of Nemelex Xobeh.
  7384 | D:7      | Reached skill level 10 in Necromancy
  7384 | D:7      | Reached skill level 1 in Evocations
  8745 | D:8      | Reached XP level 10. HP: 67/67 MP: 22/22
  9400 | D:8      | Found a burning altar of Makhleb.
  9561 | D:8      | Learned a level 5 spell: Agony
  9566 | D:8      | Learned a level 4 spell: Anguish
 10247 | D:9      | Found a staircase to the Orcish Mines.
 10494 | D:9      | Reached skill level 11 in Necromancy
 10509 | D:9      | Noticed an elephant
 10510 | D:9      | Found a staircase to the Lair.
 10522 | D:9      | Killed an elephant
 12145 | D:10     | Entered Level 10 of the Dungeon
 12466 | D:10     | Reached XP level 11. HP: 65/72 MP: 24/24
 12548 | D:10     | Reached skill level 12 in Necromancy
 12762 | D:3      | Killed purpskrrrp's ghost
 13047 | Lair:1   | Entered Level 1 of the Lair of Beasts
 13047 | Lair:1   | You fall into a shaft and drop 1 floor!
 13343 | Lair:2   | Reached skill level 1 in Hexes
 13523 | Lair:2   | Reached skill level 10 in Spellcasting
 14164 | Lair:2   | Noticed a four-headed hydra
 14179 | Lair:2   | Killed a four-headed hydra
 14882 | Lair:1   | Noticed a four-headed hydra
 14892 | Lair:1   | Killed a four-headed hydra
 15159 | Lair:1   | Noticed a five-headed hydra
 15175 | Lair:1   | Killed a five-headed hydra
 15176 | Lair:1   | Reached skill level 13 in Necromancy
 15183 | Lair:1   | Found a runed translucent gate.
 15183 | Lair:1   | Found a runed translucent gate.
 15184 | Lair:1   | Found a runed translucent gate.
 15187 | Lair:1   | Noticed Rucothra's ghost (journeyman DjFE)
 15187 | Lair:1   | Noticed Hubris850's ghost (journeyman GrFi)
 15221 | Lair:1   | Gained mutation: A demonic guardian rushes to your aid.
                  | [demonic ancestry]
 15221 | Lair:1   | Reached XP level 12. HP: 66/83 MP: 25/26
 15657 | Lair:1   | Learned a level 2 spell: Blink
 16323 | Lair:1   | Upgraded the game from 0.29-a0-817-g9904bce7a6 to
                  | 0.29-a0-819-g94b489e0ae
 16978 | Lair:3   | Found a staircase to the Snake Pit.
 18018 | Lair:4   | Noticed a five-headed hydra
 18029 | Lair:4   | Killed a five-headed hydra
 18053 | Lair:4   | Noticed a four-headed hydra
 18057 | Lair:4   | Killed a four-headed hydra
 18058 | Lair:4   | Reached skill level 5 in Dodging
 18325 | Lair:4   | Reached skill level 5 in Armour
 18342 | Lair:4   | Noticed a catoblepas
 18347 | Lair:4   | Reached skill level 14 in Necromancy
 18349 | Lair:4   | Killed a catoblepas
 18631 | Lair:4   | Reached skill level 5 in Maces & Flails
 19414 | Lair:4   | Found a staircase to the Swamp.
 19519 | Lair:5   | Noticed a four-headed hydra
 19653 | Lair:5   | Killed a four-headed hydra
 19666 | Lair:5   | Learned a level 2 spell: Ensorcelled Hibernation
 19866 | Lair:5   | Found a viscous altar of Jiyva.
 19866 | Lair:5   | Found a staircase to the Slime Pits.
 20231 | Lair:5   | Gained mutation: A powerful demonic guardian rushes to your
                  | aid. [demonic ancestry]
 20231 | Lair:5   | Reached XP level 13. HP: 88/88 MP: 29/29
 20743 | Lair:5   | Found the +8 whip "Snakebite" {venom, curare, rPois}
 21727 | Lair:5   | Reached skill level 15 in Necromancy
 22241 | Lair:5   | Became a worshipper of Jiyva Jeplelup the Shapeless
 22249 | Lair:6   | Entered Level 6 of the Lair of Beasts
 22254 | Lair:6   | Killed an azure jelly
 22255 | Lair:6   | Killed Inoelank's ghost
 22661 | Lair:6   | Found a runed translucent gate.
 22661 | Lair:6   | Found a runed translucent gate.
 22661 | Lair:6   | Found a runed translucent gate.
 22661 | Lair:6   | Noticed an azure jelly
 22661 | Lair:6   | Noticed an azure jelly
 22661 | Lair:6   | Noticed a quicksilver ooze
 22661 | Lair:6   | Noticed an azure jelly
 22662 | Lair:6   | Noticed an acid blob
 22662 | Lair:6   | Noticed a quicksilver ooze
 22662 | Lair:6   | Noticed an azure jelly
 22662 | Lair:6   | Noticed an acid blob
 22663 | Lair:6   | Noticed an azure jelly
 22663 | Lair:6   | Noticed an acid blob
 22666 | Lair:6   | Noticed an azure jelly
 22666 | Lair:6   | Found a viscous altar of Jiyva.
 22704 | Lair:6   | Reached skill level 16 in Necromancy
 22827 | Lair:6   | Reached skill level 1 in Ice Magic
 22845 | Lair:6   | Reached * piety under Jiyva
 22964 | Lair:6   | Gained mutation: You are partially covered in sharp spines.
                  | [demonic ancestry]
 22964 | Lair:6   | Reached XP level 14. HP: 96/96 MP: 31/31
 23024 | Lair:6   | Reached skill level 5 in Fighting
 23832 | Lair:6   | Learned a level 3 spell: Frozen Ramparts
 24315 | Lair:1   | Killed Rucothra's ghost
 24320 | Lair:1   | Killed Hubris850's ghost
 24627 | D:10     | Reached ** piety under Jiyva
 25207 | D:11     | Reached *** piety under Jiyva
 25588 | D:12     | Gained mutation: You have a small jelly attached to you
                  | that may absorb projectiles. [Jiyva's grace]
 25588 | D:12     | Gained mutation: Armour fits poorly on your pseudopods.
                  | [Jiyva's grace]
 25588 | D:12     | Gained mutation: Armour fits poorly on your large
                  | pseudopods. [Jiyva's grace]
 25588 | D:12     | Gained mutation: Armour fits poorly on your massive
                  | pseudopods. [Jiyva's grace]
 26063 | D:13     | Reached skill level 17 in Necromancy
 26177 | D:13     | Reached **** piety under Jiyva
 26285 | D:13     | Noticed an azure jelly
 26285 | D:13     | a catoblepas changed into an azure jelly
 26435 | D:13     | Noticed a tengu reaver
 26435 | D:13     | Found the +0 staff of Battle
 26444 | D:13     | Killed a tengu reaver
 26467 | D:13     | Reached skill level 15 in Spellcasting
 27107 | Orc:1    | Entered Level 1 of the Orcish Mines
 27127 | Orc:1    | HP: 1/98 [orc warrior/+0 halberd (11)]
 27255 | Orc:1    | Found a runed translucent door.
 27278 | Orc:1    | Noticed Wiilli's ghost (journeyman SpVM)
 27455 | Orc:1    | Found a transporter.
 27742 | Orc:1    | Lost mutation: You are covered in fur. (AC +1) [Jiyva's
                  | grace]
 27742 | Orc:1    | Gained mutation: You have very sharp teeth. [Jiyva's grace]
 27742 | Orc:1    | Gained mutation: You have extremely sharp teeth. [Jiyva's
                  | grace]
 27742 | Orc:1    | Gained mutation: You have razor-sharp teeth. [Jiyva's
                  | grace]
 27742 | Orc:1    | Gained mutation: Your mind is acute. (Int +4, Str/Dex -1)
                  | [Jiyva's grace]
 27956 | Orc:1    | Killed Wiilli's ghost
 28032 | Orc:1    | Noticed a stone giant
 28212 | D:14     | Found Voonle's Elemental Accessories.
 28235 | D:14     | Reached ***** piety under Jiyva
 28250 | D:14     | You fall into a shaft and drop 1 floor!
 28250 | D:15     | Entered Level 15 of the Dungeon
 28255 | D:15     | Found a frozen archway.
 28266 | IceCv    | Entered an ice cave
 28385 | D:15     | Gained mutation: Your movements are less encumbered by
                  | armour. (ER -4) [demonic ancestry]
 28385 | D:15     | Reached XP level 15. HP: 104/104 MP: 10/34
 28440 | D:15     | Reached skill level 1 in Earth Magic
 28441 | D:15     | Reached skill level 1 in Translocations
 28459 | D:15     | Reached skill level 1 in Poison Magic
 29011 | D:15     | Found a transporter.
 29182 | D:15     | Found a staircase to the Depths.
 29314 | D:15     | Learned a level 3 spell: Ignite Poison
 29319 | D:15     | Learned a level 4 spell: Sticky Flame
 29515 | D:15     | Noticed a frost giant
 29527 | D:15     | Killed a frost giant
 29562 | D:15     | Lost mutation: Your mind is acute. (Int +4, Str/Dex -1)
                  | [potion of mutation]
 29562 | D:15     | Lost mutation: You have a small jelly attached to you that
                  | may absorb projectiles. [potion of mutation]
 29562 | D:15     | Gained mutation: You occasionally shout uncontrollably at
                  | your foes. [potion of mutation]
 29562 | D:15     | Gained mutation: You have large cloven feet. [potion of
                  | mutation]
 29563 | D:15     | Lost mutation: Your muscles are strong. (Str +4, Int/Dex
                  | -1) [potion of mutation]
 29563 | D:15     | Lost mutation: You have large cloven feet. [potion of
                  | mutation]
 29563 | D:15     | Lost mutation: You occasionally shout uncontrollably at
                  | your foes. [potion of mutation]
 29563 | D:15     | Gained mutation: Armour fits poorly on your strangely
                  | shaped body. [potion of mutation]
 29563 | D:15     | Gained mutation: You are strong-willed. (Will+) [potion of
                  | mutation]
 29564 | D:15     | Lost mutation: Armour fits poorly on your strangely shaped
                  | body. [potion of mutation]
 29564 | D:15     | Lost mutation: You are strong-willed. (Will+) [potion of
                  | mutation]
 29564 | D:15     | Lost mutation: Armour fits poorly on your massive
                  | pseudopods. [potion of mutation]
 29564 | D:15     | Gained mutation: You have hidden genetic defects. [potion
                  | of mutation]
 29564 | D:15     | Lost mutation: You have razor-sharp teeth. [potion of
                  | mutation]
 29564 | D:15     | Gained mutation: You have an increased reservoir of magic.
                  | (+10% MP) [potion of mutation]
 29564 | D:15     | Gained mutation: You are strong-willed. (Will+) [potion of
                  | mutation]
 30035 | D:14     | Reached skill level 1 in Conjurations
 30087 | D:14     | Lost mutation: You have extremely sharp teeth. [Jiyva's
                  | grace]
 30087 | D:14     | Lost mutation: You are strong-willed. (Will+) [Jiyva's
                  | grace]
 30087 | D:14     | Lost mutation: You have hidden genetic defects. [Jiyva's
                  | grace]
 30087 | D:14     | Gained mutation: Your muscles are strong. (Str +4, Int/Dex
                  | -1) [Jiyva's grace]
 30087 | D:14     | Gained mutation: Your muscles are very strong. (Str +8,
                  | Int/Dex -2) [Jiyva's grace]
 30087 | D:14     | Gained mutation: You are somewhat resistant to further
                  | mutation. [Jiyva's grace]
 30087 | D:14     | Gained mutation: You are somewhat resistant to both further
                  | mutation and mutation removal. [Jiyva's grace]
 30103 | D:14     | Found a gate to the Vaults.
 30111 | D:14     | Reached skill level 1 in Transmutations
 30119 | D:14     | Reached skill level 1 in Fire Magic
 30134 | D:14     | Reached skill level 18 in Necromancy
 30675 | Slime:1  | Entered Level 1 of the Pits of Slime
 30678 | Slime:1  | Learned a level 1 spell: Apportation
 30682 | Slime:1  | Learned a level 3 spell: Swiftness
 30690 | Slime:1  | Noticed a rockslime
 30691 | Slime:1  | Noticed an acid blob
 30822 | Slime:2  | Noticed an acid blob
 30968 | Slime:3  | Noticed a rockslime
 30972 | Slime:3  | Noticed an acid blob
 30974 | Slime:3  | Noticed an acid blob
 30982 | Slime:3  | Noticed an acid blob
 30983 | Slime:3  | Noticed a rockslime
 31054 | Slime:3  | Noticed an acid blob
 31109 | Slime:3  | Noticed a rockslime
 31162 | Slime:3  | Noticed an azure jelly
 31387 | Slime:5  | Entered Level 5 of the Pits of Slime
 31391 | Slime:5  | Noticed an acid blob
 31391 | Slime:5  | Noticed a rockslime
 31394 | Slime:5  | Noticed an acid blob
 31399 | Slime:5  | Noticed an acid blob
 31399 | Slime:5  | Noticed an acid blob
 31400 | Slime:5  | Found a viscous altar of Jiyva.
 31400 | Slime:5  | Noticed an acid blob
 31401 | Slime:5  | Noticed an acid blob
 31401 | Slime:5  | Noticed a rockslime
 31407 | Slime:5  | Noticed an azure jelly
 31418 | Slime:5  | Noticed an azure jelly
 31427 | Slime:5  | Found the necklace of Bloodlust {*Rage Will++ Int-3 Slay+6}
 31441 | Slime:5  | Noticed an acid blob
 31731 | Slime:5  | Noticed the Royal Jelly
 31758 | Slime:5  | Noticed an acid blob
 32071 | Slime:5  | Learned a level 4 spell: Passage of Golubria
 32345 | Orc:2    | Entered Level 2 of the Orcish Mines
 32357 | Orc:2    | Found a staircase to the Elven Halls.
 32407 | Orc:2    | Found Avez's Antique Armour Shop.
 32440 | Orc:2    | Found Hestroddo's Weapon Shoppe.
 32963 | Orc:2    | Found Ukiuwep's General Store.
 32963 | Orc:2    | Found Ovauch's Armour Shoppe.
 33464 | Temple   | Entered the Ecumenical Temple
 33878 | Snake:1  | Entered Level 1 of the Snake Pit
 34322 | Snake:1  | Learned a level 4 spell: Hailstorm
 34435 | Snake:1  | Lost mutation: Your muscles are very strong. (Str +8,
                  | Int/Dex -2) [Jiyva's grace]
 34435 | Snake:1  | Lost mutation: Your muscles are strong. (Str +4, Int/Dex
                  | -1) [Jiyva's grace]
 34435 | Snake:1  | Gained mutation: A frigid envelope surrounds you and
                  | freezes all who hurt you. [Jiyva's grace]
 34435 | Snake:1  | Gained mutation: You have large cloven feet. [Jiyva's
                  | grace]
 34435 | Snake:1  | Gained mutation: You have hoof-like feet. [Jiyva's grace]
 34435 | Snake:1  | Gained mutation: You have hooves in place of feet. [Jiyva's
                  | grace]
 34453 | Snake:1  | Noticed Agnes
 34457 | Snake:1  | Killed Agnes
 34464 | Snake:1  | Reached ****** piety under Jiyva
 34605 | Snake:1  | Found Arhuoschep's General Store.
 34607 | Snake:1  | Found Peggoni's General Store.
 34610 | Snake:1  | Found Cunegumu's Weapon Shoppe.
 34612 | Snake:1  | Noticed Donald
 34625 | Snake:1  | HP: 4/105 [Donald/+4 vampiric broad axe (31)]
 34625 | Snake:1  | Demolished by Donald

Illustrated notes

Levels and vault maps discovered:
D:1:      dpeg_arrival_arbitrary_a, layout_basic, minmay_strange_pillars
D:2:      layout_basic
D:3:      layout_rooms, gammafunk_ghost_necromancy, chequers_jeans,
          kennysheep_generic_room_16
D:4:      layout_cave_pools, mainiacjoe_overflow_24_doors,
          nicolae_ru_great_annihilating_truth, portal_sewer_entry_f,
          kennysheep_generic_room_5
D:5:      layout_basic, gammafunk_temple_overflow_pools, serial_shops,
          shop_statue
D:6:      layout_loops_corners, nemelex_xobeh_ov_fountains_minmay,
          temple_fountains, kennysheep_windowed_goal, uniq_maggie
D:7:      layout_loops_corners
D:8:      layout_basic, bloody_makhleb
D:9:      layout_stronghold, david_lair_generic, david_orc_5,
          minmay_misc_feat_encased, serial_bayou_lagoon_b
D:10:     layout_rooms
D:11:     layout_roguey
D:12:     layout_roguey
D:13:     layout_irregular_city, hellmonk_guarded_unrand_staff_of_battle
D:14:     layout_roguey, erik_vaults_2, kennysheep_cluttered_room,
          nicolae_elemental_shop
D:15:     grunt_enter_depths_snipers, layout_gridville, zin_angel, serial_ice,
          serial_ice_b, serial_ice_c, serial_ice_i, serial_ice_g, serial_ice_n,
          serial_ice_d, serial_ice_h, serial_ice_f,
          portal_ice_cave_entry_pillars_2, nicolae_diode_basic
Temple:   nicolae_temple_slightly_damp_pantheon
Lair:1:   layout_cave_pods, gammafunk_ghost_cemetery, st_stairs_3
Lair:2:   layout_regular_city, beast_lair_carwin_9, infiniplex_staircase_pool
Lair:3:   layout_regular_city, guppyfry_snake_entry_garden, st_stairs_5,
          lemuel_fruit_fields
Lair:4:   layout_hall_layers, palyth_hydra_swamp_entry,
          dreamdust_deal_with_the_devil
Lair:5:   minmay_guarded_unrand_snakebite, layout_gridlike, slime_entry_1,
          beast_lair_carwin_8, serial_bayou_shore_b, grunt_megastairs_5
Lair:6:   grunt_lair_end_beastmaster, layout_cave_pods, gammafunk_ghost_ooze,
          serial_bayou_crossing
Snake:1:  nicolae_snakescales, layout_chambers, minmay_shop_star,
          serial_bayou_shore_a, uniq_agnes, uniq_donald
Slime:1:  layout_caves, basic_altar
Slime:2:  layout_caves
Slime:3:  cheibrodos_slime_lost_civilization_8, layout_caves,
          nicolae_slime_barrier
Slime:4:  layout_caves
Slime:5
Orc:1:    gammafunk_beogh_shrine, layout_diamond_mine, ebering_ghost_inner_flame
Orc:2:    st_orc_town, layout_caves

Skill      XL: |  1  2  3  4  5  6  7  8  9 10 11 12 13 14 15 |
---------------+----------------------------------------------+-----
Necromancy     | 5 6 7 9 10 11 13 14 16 17 18 | 18.6
Dodging        | 2 3 4 5 6 |  6.5
Stealth        | 2 3 4 |  4.7
Spellcasting   | 3 4 5 6 7 8 9 10 12 13 15 | 15.7
Armour         | 1 2 3 4 5 |  5.7
Maces & Flails | 1 3 4 5 6 |  6.4
Fighting       | 1 2 3 4 5 |  5.8
Evocations     | 3 |  3.7
Hexes          | 1 2 3 4 |  4.1
Ice Magic      | 1 2 |  2.6
Earth Magic    | 1 |  1.8
Translocations | 1 |  1.5
Poison Magic   | 1 |  1.7
Conjurations   | 4 |  4.1
Transmutations | 2 |  2.8
Fire Magic     | 2 |  2.6
Unarmed Combat | |  0.3

Action                   |  1- 3 |  4- 6 |  7- 9 | 10-12 | 13-15 || total
-------------------------+-------+-------+-------+-------+-------++-------
Melee: Unarmed           |    29 |     6 |       |       |       ||    35
       Punch             |     1 |     1 |       |     8 |    11 ||    21
       Whip              |       |    26 |   224 |   321 |   509 ||  1080
       Hand axe          |       |       |       |       |    39 ||    39
       Pseudopods        |       |       |       |       |    69 ||    69
       Bite              |       |       |       |       |    32 ||    32
 Cast: Necrotise         |    83 |   110 |   130 |    49 |    12 ||   384
       Vampiric Draining |       |     1 |    62 |   133 |   170 ||   366
       Animate Dead      |       |       |    10 |    16 |    17 ||    43
       Anguish           |       |       |       |    43 |    63 ||   106
       Agony             |       |       |       |    58 |   136 ||   194
       Blink             |       |       |       |     8 |    13 ||    21
       Ensorcelled Hiber |       |       |       |     4 |    40 ||    44
       Frozen Ramparts   |       |       |       |       |     2 ||     2
       Sticky Flame      |       |       |       |       |    21 ||    21
       Swiftness         |       |       |       |       |    10 ||    10
       Ignite Poison     |       |       |       |       |     1 ||     1
Invok: Slimify           |       |       |       |       |     1 ||     1
       Oozemancy         |       |       |       |       |     2 ||     2
Evoke: Wand              |       |       |       |       |    16 ||    16
       Lightning rod     |       |       |       |       |    11 ||    11
  Use: Scroll            |       |       |    15 |     8 |     2 ||    25
       Potion            |       |       |     6 |     4 |    17 ||    27
 Stab: Distracted        |     1 |       |     1 |     8 |     4 ||    14
       Sleeping          |       |       |     6 |     1 |     5 ||    12
       Paralysed         |       |       |       |     1 |       ||     1
Armor: Robe              |     7 |     1 |       |       |       ||     8
       Ring mail         |       |    12 |   119 |   239 |   280 ||   650
Dodge: Dodged            |    32 |    37 |   260 |   482 |   715 ||  1526

Table legend: (Time is in decaauts)
 A = Elapsed time spent in this place.
 B = Non-inter-level travel time spent in this place.
 C = Inter-level travel time spent in this place.
 D = Time resting spent in this place.
 E = Time spent auto-exploring this place.
 F = Levels seen in this place.
 G = Mean time per level.
                   A        B        C        D        E       F      G
               +--------+--------+--------+--------+--------+-----+--------+
         Total |  34791 |  31637 |   3154 |   4327 |  19540 |  32 | 1087.2 |
       Dungeon |  17732 |  15914 |   1818 |   2207 |   9882 |  15 | 1182.1 |
        Temple |    198 |    180 |     18 |      0 |    164 |   1 |  198.0 |
          Lair |  11729 |  10752 |    977 |   1437 |   6887 |   6 | 1954.8 |
     Snake Pit |    735 |    735 |      0 |     88 |    352 |   1 |  735.0 |
    Slime Pits |   1481 |   1328 |    153 |    349 |    857 |   5 |  296.2 |
  Orcish Mines |   1941 |   1755 |    186 |    246 |    794 |   2 |  970.5 |
         Sewer |    961 |    961 |      0 |      0 |    602 |   1 |  961.0 |
      Ice Cave |     10 |     10 |      0 |      0 |      0 |   1 |   10.0 |
               +--------+--------+--------+--------+--------+-----+--------+

Top non-repeatable levels by time:
  Lair:5: 2751 daAuts
     D:9: 2327 daAuts
     D:6: 2292 daAuts
  Lair:2: 1934 daAuts
  Lair:1: 1929 daAuts
     D:8: 1803 daAuts
  Lair:6: 1802 daAuts
  Lair:4: 1724 daAuts
  Lair:3: 1587 daAuts
    D:15: 1479 daAuts
     D:5: 1331 daAuts
     D:7: 1247 daAuts
     D:1: 1129 daAuts
    D:13: 1077 daAuts
   Orc:1: 987 daAuts
